 Dungeon Crawl Stone Soup version 0.20-a0-839-gdaf5c57 (webtiles) character file.

4405 Gorice the Jinx (level 10, -8/50 HPs)
             Began as a Kobold Enchanter on Mar 8, 2017.
             Was a Believer of Wu Jian.
             Mangled by a two-headed ogre
             ... wielding a +0 dire flail
              (14 damage)
             ... on level 8 of the Dungeon.
             The game lasted 01:00:17 (13468 turns).

Gorice the Jinx (Kobold Enchanter)                 Turns: 13468, Time: 01:00:20

Health: -8/50      AC:  5    Str:  8    XL:     10   Next: 61%
Magic:  7/13       EV: 15    Int: 17    God:    Wu Jian [**....]
Gold:   507        SH:  0    Dex: 16    Spells: 4/13 levels left

rFire    . . .     SeeInvis .   a - +2 dagger
rCold    . . .     Gourm    .   v - +0 robe
rNeg     . . .     Faith    .   (shield restricted)
rPois    .         Spirit   .   (no helmet)
rElec    .         Reflect  .   (no cloak)
rCorr    .         Harm     .   x - +0 pair of gloves
MR       +....                  H - +0 pair of boots
Stlth    +++.......             (no amulet)
Regen    0.2/turn               (no ring)
MPRegen  0.2/turn               Y - ring of protection from magic

@: no status effects
A: carnivore 3
a: Renounce Religion


You were on level 8 of the Dungeon.
You worshipped Wu Jian.
Wu Jian was pleased with you.
You were very full.

You visited 2 branches of the dungeon, and saw 9 of its levels.

You collected 507 gold pieces.

Inventory:

Hand Weapons
 a - a +2 dagger (weapon)
 b - a +2 long sword of freezing
   (You took it off a wight on level 6 of the Dungeon)
 A - a +1 short sword of draining
   (You took it off an orc on level 6 of the Dungeon)
 B - a +0 blowgun
 D - a +0 rapier
Missiles
 l - 3 needles of confusion
 m - 3 needles of sleeping
 n - 3 poisoned needles
 o - 43 sling bullets
 q - 81 bolts
 t - a tomahawk (quivered)
 I - 8 curare-tipped needles
 Z - 240 stones
Armour
 j - a +1 ring mail
 v - a +0 robe (worn)
 x - a +0 pair of gloves (worn)
 F - a +1 chain mail of positive energy
   (You found it on level 6 of the Dungeon)
 H - a +0 pair of boots (worn)
Jewellery
 u - an uncursed ring of fire
 Y - a ring of protection from magic (left hand)
Wands
 z - a wand of random effects (10/48)
 C - a wand of clouds (4/9)
 K - a wand of confusion (6/48)
Scrolls
 h - 9 scrolls of teleportation {!r}
 r - a scroll of enchant armour
 y - a scroll of fog
 J - 2 scrolls of remove curse
Potions
 e - 2 potions of curing
 f - 2 potions of haste {!q}
 g - a potion of mutation {!q}
 i - a potion of invisibility {unknown}
 k - 3 potions of flight
 p - a potion of heal wounds {unknown}
 s - a potion of ambrosia {unknown}
 w - a potion of lignification {unknown}
 G - a potion of magic {unknown}
Books
 c - a book of Maledictions
Comestibles
 d - 6 meat rations {!e}
 E - 5 royal jellies


   Skills:
 - Level 10.0 Short Blades
 + Level 5.8 Armour
 - Level 2.4 Dodging
 - Level 4.0 Stealth
 - Level 2.1 Spellcasting
 + Level 10.8 Hexes


You had 4 spell levels left.
You knew the following spells:

 Your Spells              Type           Power        Failure   Level  Hunger
a - Corona                Hex            #####..      1%          1    #......
b - Ensorcelled Hibernat  Hex/Ice        ###...       3%          2    ###....
c - Confuse               Hex            #####...     1%          3    ###....
d - Tukima's Dance        Hex            #####...     1%          3    ###....


Dungeon Overview and Level Annotations

Branches:
Dungeon (8/15)             Temple (1/1) D:6
   Lair: D:8-11

Altars:
Ashenzari
Cheibriados
Dithmenos
Elyvilon
Fedhas
Gozag
Hepliaklqana
Kikubaaqudgha
Makhleb
Nemelex Xobeh
Okawaru
Qazlal
Ru
Sif Muna
Trog
Uskayaw
Vehumet
Wu Jian
Xom
The Shining One


Innate Abilities, Weirdness & Mutations

You are small and have problems with some larger weapons.
You are carnivorous and can eat meat at any time.


Message History

Press: ? - help, Shift-Dir - straight line, f/p - two-headed ogre
Aim: a two-headed ogre, wielding a dire flail and a giant club (almost dead, fast, confused)
You throw a tomahawk.
The tomahawk hits the two-headed ogre but does no damage.
The two-headed ogre is almost dead.
The two-headed ogre gestures wildly.
Throwing (i - inventory. (,) - cycle):
t - 7 tomahawks (quivered)
Press: ? - help, Shift-Dir - straight line, f/p - two-headed ogre
Aim: a two-headed ogre, wielding a dire flail and a giant club (almost dead, fast, confused)
You throw a tomahawk.
The tomahawk hits the two-headed ogre but does no damage.
The two-headed ogre is almost dead.
Throwing (i - inventory. (,) - cycle):
t - 6 tomahawks (quivered)
Press: ? - help, Shift-Dir - straight line, f/p - two-headed ogre
Aim: a two-headed ogre, wielding a dire flail and a giant club (almost dead, fast, confused)
You throw a tomahawk. The tomahawk hits the two-headed ogre.
The two-headed ogre is almost dead.
The two-headed ogre cries, "My head!
MY HEAD!!!"
Throwing (i - inventory. (,) - cycle):
t - 5 tomahawks (quivered)
Press: ? - help, Shift-Dir - straight line, f/p - two-headed ogre
Aim: a two-headed ogre, wielding a dire flail and a giant club (almost dead, fast, confused)
You throw a tomahawk. The tomahawk hits the two-headed ogre.
The two-headed ogre is almost dead.
The two-headed ogre screams, "I'll kill you anyway!"
Throwing (i - inventory. (,) - cycle):
t - 4 tomahawks (quivered)
Press: ? - help, Shift-Dir - straight line, f/p - two-headed ogre
Aim: a two-headed ogre, wielding a dire flail and a giant club (almost dead, fast, confused)
You throw a tomahawk. The tomahawk hits the two-headed ogre.
The two-headed ogre is almost dead.
Throwing (i - inventory. (,) - cycle):
t - 3 tomahawks (quivered)
Press: ? - help, Shift-Dir - straight line, f/p - two-headed ogre
Aim: a two-headed ogre, wielding a dire flail and a giant club (almost dead, fast, confused)
You throw a tomahawk.
The tomahawk hits the two-headed ogre but does no damage.
The two-headed ogre is almost dead.
Throwing (i - inventory. (,) - cycle):
t - 2 tomahawks (quivered)
Press: ? - help, Shift-Dir - straight line, f/p - two-headed ogre
Aim: a two-headed ogre, wielding a dire flail and a giant club (almost dead, fast, confused)
You throw a tomahawk.
The tomahawk completely misses the two-headed ogre.
The two-headed ogre seems less confused.
Okay, then.
You spin and attack the two-headed ogre repeatedly!
You hit the two-headed ogre.
The two-headed ogre is almost dead.
You hit the two-headed ogre.
The two-headed ogre seems to slow down as you strike a pressure point.
The two-headed ogre is almost dead.
The two-headed ogre hits you with a dire flail!
You die...

##(.(.## #.....##.###
#.(.(.# #........#..
##((..####...........
##..#.##....#....)..
#..#......##.......
#..##.............#
##..##............#
#..##....<####....
#@O.####### ##.##
#..## ### ####


You could see a two-headed ogre.

Vanquished Creatures
  Prince Ribbit (D:5)
  Sigmund (D:2)
  A human (D:7)
  2 yaks (D:7)
  2 hogs (D:7)
  Menkaure (D:4)
  An ice beast (D:6)
  A sky beast (D:6)
  3 phantoms
  4 ogres
  2 centaurs (D:7)
  A gnoll sergeant (D:7)
  A wyvern skeleton (D:7)
  5 killer bees (D:7)
  4 wights (D:6)
  4 electric eels (D:7)
  2 howler monkeys
  2 crimson imps
  A centaur zombie (D:5)
  2 quasits
  2 bullfrog zombies
  4 jellies (D:6)
  5 hounds
  A gnoll shaman (D:4)
  2 bullfrog skeletons
  3 orc priests
  5 orc wizards
  Jessica (D:3)
  Terence (D:3)
  2 iguanas (D:6)
  4 worker ants
  A hound zombie (D:6)
  A howler monkey zombie (D:7)
  20 gnolls
  10 adders
  A shadow imp (D:7)
  20 oozes
  An adder skeleton (D:4)
  An adder zombie (D:5)
  A worm (D:2)
  3 dart slugs
  6 leopard geckos
  26 orcs
  7 bats
  3 bat zombies (D:3)
  11 giant cockroaches
  8 goblins
  6 hobgoblins
  8 jackals
  4 quokkas
  6 ball pythons
  6 frilled lizards
  8 kobolds
  A leopard gecko skeleton (D:4)
  A leopard gecko zombie (D:6)
  7 rats
  A rat zombie (D:3)
  2 butterflies (D:4)
  A fungus (D:5)
242 creatures vanquished.

Vanquished Creatures (others)
  A hound zombie (D:7)
  3 fungi (D:6)
  A plant (D:7)
5 creatures vanquished.

Grand Total: 247 creatures vanquished

Notes
Turn   | Place    | Note
-------+----------+-------------------------------------------
     0 | D:1      | Gorice the Kobold Enchanter began the quest for the Orb.
     0 | D:1      | Reached XP level 1. HP: 10/10 MP: 3/3
   326 | D:1      | Reached skill level 2 in Short Blades
   326 | D:1      | Reached XP level 2. HP: 7/15 MP: 3/5
   330 | D:1      | Learned a level 2 spell: Ensorcelled Hibernation
   946 | D:1      | Reached XP level 3. HP: 19/19 MP: 3/6
   980 | D:1      | Reached skill level 3 in Short Blades
  1392 | D:2      | Found a blossoming altar of Fedhas.
  1424 | D:2      | Noticed Sigmund
  1431 | D:2      | Learned a level 3 spell: Confuse
  1543 | D:2      | Reached XP level 4. HP: 24/24 MP: 1/7
  1706 | D:2      | Reached skill level 4 in Hexes
  1939 | D:2      | Reached skill level 4 in Short Blades
  2293 | D:2      | Reached XP level 5. HP: 28/28 MP: 3/8
  2553 | D:2      | Killed Sigmund
  2553 | D:2      | Reached skill level 5 in Short Blades
  2553 | D:2      | Reached skill level 5 in Hexes
  2553 | D:2      | Reached XP level 6. HP: 32/32 MP: 1/9
  2649 | D:3      | Noticed Terence
  2834 | D:2      | Reached skill level 6 in Short Blades
  3203 | D:3      | Killed Terence
  3203 | D:3      | Reached XP level 7. HP: 36/36 MP: 7/10
  3579 | D:3      | HP: 10/36 [hound (6)]
  3879 | D:3      | Noticed Jessica
  3906 | D:3      | Killed Jessica
  4071 | D:3      | Found an ancient bone altar of Kikubaaqudgha.
  4112 | D:3      | Found a deep blue altar of Sif Muna.
  4890 | D:3      | Reached skill level 6 in Hexes
  5044 | D:3      | Reached skill level 7 in Short Blades
  5370 | D:4      | Found a shimmering altar of Xom.
  6052 | D:4      | Noticed Menkaure
  6061 | D:4      | HP: 7/36 [hound (4)]
  6499 | D:4      | Reached XP level 8. HP: 41/41 MP: 6/11
  6680 | D:4      | Killed Menkaure
  6680 | D:4      | Reached skill level 8 in Short Blades
  6899 | D:4      | Reached skill level 7 in Hexes
  7097 | D:5      | Entered Level 5 of the Dungeon
  7323 | D:5      | Noticed Prince Ribbit
  7336 | D:5      | Killed Prince Ribbit
  7336 | D:5      | Reached skill level 9 in Short Blades
  7617 | D:5      | Reached skill level 8 in Hexes
  7617 | D:5      | Reached XP level 9. HP: 45/45 MP: 7/12
  7886 | D:5      | Found a sacrificial altar of Ru.
  8111 | D:5      | Reached skill level 10 in Short Blades
  8176 | D:5      | Learned a level 3 spell: Tukima's Dance
  8255 | D:6      | Reached skill level 1 in Armour
  8475 | D:6      | Reached skill level 2 in Armour
  8881 | D:6      | HP: 9/45 [acid (5)]
  8888 | D:6      | HP: 8/45 [acid (2)]
  8893 | D:6      | Reached skill level 9 in Hexes
  9150 | D:6      | HP: 11/45 [wight/enchanted morningstar (3)]
  9534 | D:6      | Reached skill level 3 in Armour
  9585 | D:6      | Found a staircase to the Ecumenical Temple.
  9590 | Temple   | Entered the Ecumenical Temple
  9629 | Temple   | Became a worshipper of the Wu Jian Council
  9786 | D:6      | Noticed a slime creature
 10516 | D:6      | Reached * piety under Wu Jian
 10778 | D:7      | HP: 9/45 [electric eel/bolt of electricity (13)]
 10780 | D:7      | HP: 1/45 [electric eel/bolt of electricity (9)]
 11151 | D:7      | HP: 6/45 [electric eel/bolt of electricity (10)]
 11440 | D:7      | Reached skill level 4 in Armour
 11440 | D:7      | Reached XP level 10. HP: 50/50 MP: 10/13
 11747 | D:7      | Reached skill level 10 in Hexes
 11886 | D:7      | Reached skill level 5 in Armour
 12111 | D:7      | Found a radiant altar of Vehumet.
 12340 | D:7      | Reached ** piety under Wu Jian
 12391 | D:7      | Found a bloodstained altar of Trog.
 13297 | D:8      | Found a stormy altar of Qazlal.
 13439 | D:8      | Noticed a two-headed ogre
 13446 | D:8      | HP: 13/50 [two-headed ogre/dire flail (19)]
 13446 | D:8      | HP: 2/50 [two-headed ogre/dire flail (11)]
 13468 | D:8      | Mangled by a two-headed ogre

Vault maps used:
D:1:      lightli_arrival_flooded_house
D:2:      fedhas_altar_4, kennysheep_generic_room_16, uniq_sigmund
D:3:      old_standard_altar, lemuel_zombie_altar_kikubaaqudgha,
          kennysheep_generic_room_5, uniq_terence, uniq_jessica
D:4:      xom_butterflies, portal_sewer_entry_e, uniq_menkaure
D:5:      first_bread, minmay_door_square, nicolae_ru_the_path_less_chosen,
          uniq_prince_ribbit1
D:6:      lemuel_slime, temple_statues
D:7:      lightli_temple_of_fire, fiery_altar_vehumet, serial_bayou,
          serial_bayou_crossing, serial_bayou_ford_a, serial_bayou_lake_a,
          serial_bayou_lagoon_b, grunt_livestock, interstate_on_off
D:8:      lemuel_mausoleum_altar_yredelemnul, old_standard_altar,
          nicolae_qazlal_style_of_elements, hangedman_glass_teeth,
          uniq_gastronok, uniq_erica
Temple:   minmay_temple_bridge_abc

Skill      XL: |  1  2  3  4  5  6  7  8  9 10 |
---------------+-------------------------------+-----
Short Blades   | 2 3 4 5 6 7 9 10 | 10.0
Hexes          | 4 5 6 8 9 10 | 10.8
Armour         | 4 5 |  5.8
Dodging        | |  2.4
Stealth        | |  4.0
Spellcasting   | |  2.1

Action                   |  1- 3 |  4- 6 |  7- 9 | 10-12 || total
-------------------------+-------+-------+-------+-------++-------
Melee: Dagger            |    43 |    40 |   311 |    54 ||   448
       Short sword       |       |       |   120 |       ||   120
       Long sword        |       |       |    57 |    32 ||    89
Throw: Stone             |     1 |     2 |       |       ||     3
       Tomahawk          |       |       |     3 |     9 ||    12
 Cast: Corona            |     3 |       |     7 |       ||    10
       Ensorcelled Hiber |    19 |    43 |   128 |    42 ||   232
       Confuse           |       |     1 |    39 |    15 ||    55
Evoke: Wand              |       |       |     2 |     3 ||     5
  Use: Scroll            |     3 |     4 |     9 |       ||    16
       Potion            |       |       |     4 |       ||     4
 Stab: Sleeping          |    21 |    30 |    73 |    25 ||   149
       Distracted        |       |     1 |     2 |       ||     3
       Confused          |       |       |    22 |     8 ||    30
  Eat: Chunk             |    11 |     9 |    37 |    12 ||    69
Armor: Robe              |     3 |     5 |    45 |     2 ||    55
       Ring mail         |     1 |       |       |       ||     1
Dodge: Dodged            |    35 |    31 |   312 |    37 ||   415
       Rpst.: Long sword |       |       |    23 |     3 ||    26

Table legend:
 A = Turns spent in this place as a percentage of turns spent in the entire game.
 B = Non-inter-level travel turns spent in this place as a percentage of non-inter-level travel turns spent in the entire game.
 C = Inter-level travel turns spent in this place as a percentage of turns spent in this place.
 D = Turns resting spent in this place as a percentage of non-inter-level travel turns spent in this place.
 E = Turns spent auto-exploring this place as a percentage of non-inter-level travel turns spent in this place.
 F = Non-inter-level travel turns spent in this place divided by the number of levels of this place that you've seen.
                   A       B       C       D       E      F
               +-------+-------+-------+-------+-------+----------------------
         Total | 100.0 | 100.0 |   0.4 |   5.9 |   3.4 | 515.4
       Dungeon |  99.1 |  99.1 |   0.4 |   5.9 |   3.5 | 574.5
        Temple |   0.9 |   0.9 |   2.3 |   0.0 |   0.0 |  43.0
               +-------+-------+-------+-------+-------+----------------------

Vault maps used:
D:1:      lightli_arrival_flooded_house
D:2:      fedhas_altar_4, kennysheep_generic_room_16, uniq_sigmund
D:3:      old_standard_altar, lemuel_zombie_altar_kikubaaqudgha,
          kennysheep_generic_room_5, uniq_terence, uniq_jessica
D:4:      xom_butterflies, portal_sewer_entry_e, uniq_menkaure
D:5:      first_bread, minmay_door_square, nicolae_ru_the_path_less_chosen,
          uniq_prince_ribbit1
D:6:      lemuel_slime, temple_statues
D:7:      lightli_temple_of_fire, fiery_altar_vehumet, serial_bayou,
          serial_bayou_crossing, serial_bayou_ford_a, serial_bayou_lake_a,
          serial_bayou_lagoon_b, grunt_livestock, interstate_on_off
D:8:      lemuel_mausoleum_altar_yredelemnul, old_standard_altar,
          nicolae_qazlal_style_of_elements, hangedman_glass_teeth,
          uniq_gastronok, uniq_erica
Temple:   minmay_temple_bridge_abc
